 Dungeon Crawl Stone Soup version 0.30-a0-377-g5cb311bc9f (webtiles) character file.

Game seed: 18344865397610638320

329 sanka the Digger (level 6, 24/24 HPs)
             Began as a Felid Earth Elementalist on Nov 29, 2022.
             Was a Believer of Ashenzari.
             Quit the game on level 6 of the Dungeon.
             The game lasted 00:09:34 (5305 turns).

sanka the Digger (Felid Earth Elementalist)         Turns: 5305, Time: 00:09:34

Health: 24/24      AC:  4    Str:  4    XL:     6   Next: 25%
Magic:  19/19      EV: 17    Int: 18    God:    Ashenzari [**....]
Gold:   190        SH:  0    Dex: 17    Spells: 3/9 levels left
                                        Lives:  1   Deaths: 1

rFire   . . .      SeeInvis +    (weapon unavailable)
rCold   . . .      Faith    .    (shield unavailable)
rNeg    . . .      Spirit   .    (body armour unavailable)
rPois   .          Reflect  .    (helmet unavailable)
rElec   .          Harm     .    (cloak unavailable)
rCorr   .          Rampage  .    (gloves unavailable)
Will    .....                    (boots unavailable)
Stlth   ++........               (no amulet)
HPRegen 0.24/turn                n - ring of magical power
MPRegen 0.16/turn                d - ring of the Sibylline Urgency {Wiz, Elem, Alch} (curse)

@: quick
A: very small, claws 1, fangs 3, see invisible, speed 1, shaggy fur 2, stealthy
paws, no weapons or thrown items, no armour, multi-lived, iridescent scales 1
a: Renounce Religion, Shatter the Chains


You were on level 6 of the Dungeon.
You worshipped Ashenzari.
Ashenzari was pleased with you.
You visited 1 branch of the dungeon, and saw 6 of its levels.

You collected 190 gold pieces.


Innate Abilities, Weirdness & Mutations

You have sharp claws.
You have razor-sharp teeth.
You have supernaturally acute eyesight. (SInv)
You cover ground quickly. (Speed+)
You are covered in thick fur. (AC +2)
Your paws help you pounce on unaware monsters.
You are incapable of wielding weapons or throwing items.
You cannot wear armour.
You gain extra lives every three experience levels.
You are partially covered in iridescent scales. (AC +2)


   Skills:
 - Level 2.6 Dodging
 - Level 2.6 Stealth
 - Level 2.0 Spellcasting
 + Level 2.3 Conjurations
 - Level 3.0(4.1) Transmutations
 - Level 6.8(8.1) Earth Magic


You had 3 spell levels left.
You knew the following spells:

 Your Spells              Type           Power      Damage    Failure   Level
x - Stone Arrow           Conj/Erth      40%        3d9       2%          3
z - Sandblast             Erth           60%        2d14      1%          1
N - Passwall              Tmut/Erth      19%        N/A       1%          2

Your spell library contained the following spells:

 Spells                   Type           Power      Damage    Failure   Level
 Necrotise                Necr           4%         1d4       8%          1
 Vampiric Draining        Necr           1%         2d6       21%         3
 Petrify                  Tmut/Erth      23%        N/A       6%          4
 Agony                    Necr           1%         N/A       86%         5

Inventory:

Jewellery
 d - the cursed ring of the Sibylline Urgency (right paw) {Wiz, Elem, Alch}

   [ring of wizardry]

   It improves your spell success rate.
   It has a curse which improves the following skills: Elements: Fire Magic, Ice
   Magic, Air Magic and Earth Magic.
   Alchemy:   Poison Magic and Transmutations.
 k - a ring of protection from cold
 n - a ring of magical power (left paw)
Wands
 l - a wand of flame (21)
 m - a wand of paralysis (9)
Scrolls
 c - 3 scrolls of teleportation {@r4}
 e - 2 scrolls of butterflies
 g - 6 scrolls of identify {@r1}
 i - 2 scrolls of enchant weapon
 j - 4 scrolls of summoning
 p - a scroll of brand weapon
 q - a scroll of immolation {!r}
 t - a scroll of vulnerability {!r}
Potions
 a - a potion of magic
 b - a potion of curing {@q1}
 f - 2 potions of mutation {!q}
 h - a potion of might
 o - a potion of berserk rage {!q}
 r - a potion of flight
 s - a potion of heal wounds {@q2}

Dungeon Overview and Level Annotations

Branches:
Dungeon (6/15)             Temple (0/1) D:5

Altars:
Ashenzari
Dithmenos
Gozag
Qazlal
Sif Muna
Trog
Wu Jian
Xom

Annotations:
D:4 Dowan, Duvessa, Eustachio
D:5 2 transporters, lukessrichardson1's ghost, amateur DsBe

, , , , , , ,
............... ,
............... ,
, ...............
, ...............
, ...............
,, ,
▒............ , ,
▒..........., ,
,, ░ ▒...h.......
,, ▒▒.......... ,
░▒▒......... , ,
, ░▒.........
░....▒▒.........
, ░
....▒......... ,,
, ░.............
, , , ░
░▒............. ,
, ░
▒▒▒...)..........


There were no monsters in sight!


Message History

The blast of sand hits the gnoll.
The gnoll is heavily wounded.
The gnoll barely misses you.
The orc wizard mumbles some strange words.
The orc wizard flickers and vanishes for a moment.
Unknown command.
The orc wizard casts a spell at you. The magic dart hits you!
There is a stone staircase leading up here.
The blast of sand hits the gnoll!
You kill the gnoll!
The gnoll barely misses you.
The gnoll hits you from afar with a +0 spear!
* * * LOW HITPOINT WARNING * * *
The blast of sand hits the gnoll!!
You kill the gnoll!
The gnoll hits you from afar with a +0 spear.
* * * LOW HITPOINT WARNING * * *
The gnoll sergeant closely misses you.
The blast of sand hits the gnoll sergeant.
The gnoll sergeant is lightly wounded.
The gnoll hits you but does no damage. The gnoll sergeant barely misses you.
The gnoll closely misses you.
The gnoll sergeant hits you from afar with a +0 trident!
You die...
You are now level 6!
You rejoin the land of the living...
Found 18 gold pieces.
Are you sure you want to abandon this character and quit the game? (Confirm with "yes".)

Action                   |  1- 3 |  4- 6 |  7- 9 || total
-------------------------+-------+-------+-------++-------
Melee: Unarmed           |       |     5 |       ||     5
       Bite              |       |     1 |       ||     1
 Cast: Sandblast         |    59 |    95 |    17 ||   171
       Stone Arrow       |       |     2 |     1 ||     3
Invok: Curse Item        |       |       |     1 ||     1
  Use: Potion            |       |     2 |       ||     2
Armor: Skin              |       |     3 |     1 ||     4
Dodge: Dodged            |     6 |    39 |    11 ||    56

Levels and vault maps discovered:
D:1:      roderic_chinese_lattice_arrival, layout_basic, basic_ecumenical_altar,
          hangedman_abyss_or_decor_lesser_grid
D:2:      layout_loops_ring, kennysheep_another_room, minmay_tetromino_s4
D:3:      layout_basic, kennysheep_generic_room_15
D:4:      layout_rooms, overflow_temple_1_default,
          minmay_overflow_temple_star_hex, minmay_misc_feat_hallway, hex_medium,
          minmay_misc_feat_tiny, uniq_duvessa, uniq_eustachio
D:5:      kennysheep_kobold_camp, layout_layer_cave, mainiacjoe_overflow_paths,
          grunt_dithmenos_shadows, minmay_temple_entry_sparse_star,
          gammafunk_ghost_arena, minmay_splitting_lines
D:6:      layout_layer_cave

Notes
Turn   | Place    | Note
-------+----------+-------------------------------------------
     0 | D:1      | sanka the Felid Earth Elementalist began the quest for the
                  | Orb.
     0 | D:1      | Reached XP level 1. HP: 7/7 MP: 4/4
   249 | D:1      | Found a faded altar of an unknown god.
   342 | D:1      | Reached skill level 3 in Earth Magic
   373 | D:1      | Reached XP level 2. HP: 11/11 MP: 3/6
   499 | D:1      | Reached skill level 2 in Transmutations
  1036 | D:2      | Reached XP level 3. HP: 14/14 MP: 3/7
  1243 | D:2      | Learned a level 2 spell: Passwall
  1247 | D:2      | Learned a level 3 spell: Stone Arrow
  1476 | D:2      | Reached skill level 3 in Transmutations
  2149 | D:3      | Reached XP level 4. HP: 18/18 MP: 5/8
  2295 | D:3      | Identified the +0 mace of Theory {freeze, SInv}
  2970 | D:4      | Reached skill level 1 in Conjurations
  2972 | D:4      | Reached skill level 4 in Earth Magic
  3046 | D:4      | Reached XP level 5. HP: 21/21 MP: 9/9
  3141 | D:4      | Found a bloodstained altar of Trog.
  3141 | D:4      | Found an opulent altar of Gozag.
  3141 | D:4      | Found a stormy altar of Qazlal.
  3153 | D:4      | Found a broken altar of Ashenzari.
  3156 | D:4      | Found a shimmering blue altar of Sif Muna.
  3229 | D:4      | Noticed Eustachio
  3272 | D:4      | Noticed Dowan
  3314 | D:4      | Reached skill level 2 in Conjurations
  3428 | D:4      | Found an ornate altar of the Wu Jian Council.
  3629 | D:4      | Noticed Duvessa
  3670 | D:4      | Became a worshipper of Ashenzari the Shackled
  3789 | D:5      | Entered Level 5 of the Dungeon
  3850 | D:5      | Gained mutation: You are partially covered in iridescent
                  | scales. (AC +2) [potion of mutation]
  3850 | D:5      | Gained mutation: You are covered in thick fur. (AC +2)
                  | [potion of mutation]
  3850 | D:5      | HP: 1/21 [poisoned by a kobold brigand]
  3913 | D:5      | Reached skill level 5 in Earth Magic
  3913 | D:5      | Mutation became permanent: You are covered in fur. (AC +1)
                  | [Felid growth]
  3913 | D:5      | Gained mutation: You are covered in thick fur. (AC +2)
                  | [Felid growth]
  3913 | D:5      | Reached XP level 6. HP: 14/24 MP: 10/10
  3979 | D:5      | Found a shadowy altar of Dithmenos.
  4208 | D:5      | Found a shimmering altar of Xom.
  4283 | D:5      | Found a staircase to the Ecumenical Temple.
  4349 | D:5      | Reached skill level 6 in Earth Magic
  4387 | D:5      | Found a transporter.
  4388 | D:5      | Noticed lukessrichardson1's ghost (amateur DsBe)
  4410 | D:5      | Identified the +4 shortbow of the Vestibule of Hell {flame,
                  | rPois rF+ Will- Int+2}
  4440 | D:5      | Reached XP level 7. HP: 27/27 MP: 11/11
  4624 | D:5      | Reached * piety under Ashenzari
  4624 | D:5      | Reached ** piety under Ashenzari
  4934 | D:5      | Identified a potion of resistance
  4939 | D:5      | Found a transporter.
  5304 | D:6      | Slain by a gnoll sergeant
  5305 | D:6      | Reached XP level 6. HP: 0/24 MP: 16/19
  5305 | D:6      | Quit the game

Vanquished Creatures
  An ogre (D:5)
  A kobold brigand (D:5)
  A scorpion (D:5)
  A jelly (D:4)
  An orc priest (D:5)
  4 hounds
  5 adders
  9 gnolls
  A shadow imp (D:5)
  5 worms
  4 orcs (D:5)
  7 ball pythons
  4 endoplasms
  9 goblins
  5 hobgoblins
  6 quokkas
  8 bats
  6 frilled lizards
  27 kobolds
  4 rats
109 creatures vanquished.

Vanquished Creatures (others)
  65 plants (D:5)
65 creatures vanquished.

Grand Total: 174 creatures vanquished
